 Dungeon Sprint DCSS version 0.30-a0-177-g1cb5dbfd7a (webtiles) character file.

Game seed: 10051876805141172235

4291 hellse the Martial Artist (level 10, -12/99 HPs)
             Began as a Gnoll Transmuter on Oct 2, 2022.
             Was an Elder of Okawaru.
             Mangled by an orc knight
             ... wielding a +0 battleaxe
              (24 damage)
             ... in the Dungeon (Sprint III: "The Ten Rune Challenge").
             The game lasted 00:03:14 (1017 turns).

hellse the Martial Artist (Gnoll Transmuter)        Turns: 1017, Time: 00:03:15

Health: -12/99     AC:  8    Str: 13    XL:     10   Next: 32%
Magic:  24/24      EV: 14    Int: 13    God:    Okawaru [****..]
Gold:   916        SH:  0    Dex: 13    Spells: 21/29 levels left

rFire   x . .      SeeInvis .      - Unarmed
rCold   + + +      Faith    .    (shield currently unavailable)
rNeg    . . .      Spirit   .    (body armour currently unavailable)
rPois   +          Reflect  .    (helmet currently unavailable)
rElec   .          Harm     .    (cloak currently unavailable)
rCorr   .          Rampage  .    (gloves currently unavailable)
Will    .....      NoTele   +    (boots currently unavailable)
Stlth   ++++......               (no amulet)
HPRegen 0.36/turn                (no ring)
MPRegen 0.19/turn                (no ring)

@: ice-form
A: freezing attack, amphibious, boosted hp, large, (fangs 1), strong nose,
distributed training
a: End Transformation, Renounce Religion, Heroism, Finesse


You were in the Dungeon.
You worshipped Okawaru.
Okawaru was greatly pleased with you.
You were a creature of crystalline ice.
You visited 1 branch You collected 916 gold pieces.

Inventory:

Hand Weapons
 q - a +2 long sword of holy wrath
 s - a +0 shortbow
Missiles
 t - 3 silver javelins
Armour
 a - a +0 robe (melded)
Scrolls
 h - a scroll of blinking
 i - a scroll of enchant weapon {unknown}
 j - a scroll of summoning {unknown}
 k - a scroll of immolation {unknown}
 l - 3 scrolls of identify
 n - a scroll of poison {unknown}
Potions
 b - 2 potions of lignification
 c - 2 potions of curing
 d - a potion of heal wounds
 e - a potion of haste
 f - 2 potions of magic
 g - 2 potions of berserk rage
 m - a potion of flight {unknown}
 o - 5 potions of mutation
 p - a potion of might
Miscellaneous
 r - a piece from Xom's chessboard (15/15)


   Skills:
 + Level 9.5 Fighting
 + Level 9.1 Short Blades
 + Level 9.1 Long Blades
 + Level 9.1 Axes
 + Level 9.1 Maces & Flails
 + Level 9.1 Polearms
 + Level 9.1 Staves
 + Level 9.1 Ranged Weapons
 + Level 9.1 Throwing
 + Level 9.1 Armour
 + Level 10.2 Dodging
 + Level 9.1 Stealth
 + Level 9.1 Shields
 + Level 11.2 Unarmed Combat
 + Level 10.4 Spellcasting
 + Level 7.6 Conjurations
 + Level 7.6 Hexes
 + Level 7.6 Summonings
 + Level 7.6 Necromancy
 + Level 7.6 Translocations
 + Level 8.6 Transmutations
 + Level 7.6 Fire Magic
 + Level 7.6 Ice Magic
 + Level 7.6 Air Magic
 + Level 7.6 Earth Magic
 + Level 7.6 Poison Magic
 + Level 10.0 Invocations
 + Level 9.1 Evocations


You had 21 spell levels left.
You knew the following spells:

 Your Spells              Type           Power      Damage    Failure   Level
a - Beastly Appendage     Tmut           58%        N/A       1%          1
b - Spider Form           Tmut/Pois      27%        N/A       1%          3
c - Ice Form              Ice/Tmut       27%        N/A       3%          4

Your spell library contained the following spells:

 Spells                   Type           Power      Damage    Failure   Level
 Wereblood                Tmut           29%        N/A       1%          2
 Ignite Poison            Fire/Tmut/Pois 27%        N/A       1%          3
 Sticky Flame             Conj/Fire      26%        2d5       4%          4
 Ignition                 Fire           13%        3d6       100%        8
 Chain Lightning          Conj/Air       13%        3d17      100%        9
 Fire Storm               Conj/Fire      13%        8d3       100%        9
 Shatter                  Erth           13%        3d13*     100%        9


Dungeon Overview and Level Annotations

Branches:
Dungeon (1/1)

Altars:
Cheibriados
Dithmenos
Elyvilon
Fedhas
Gozag
Hepliaklqana
Kikubaaqudgha
Makhleb
Nemelex Xobeh
Okawaru
Qazlal
Ru
Sif Muna
Trog
Uskayaw
Vehumet
Wu Jian
Xom
Yredelemnul
Zin
The Shining One
Jiyva
Lugonu

Shops:
D :


Innate Abilities, Weirdness & Mutations

You are a creature of crystalline ice.
You have a powerful freezing melee attack.
You are amphibious.
Your maximum health is increased.
Your armour is entirely melded.
You are incapable of wielding weapons or throwing items.
((You have very sharp teeth.))
Your uncanny sense of smell can sniff out nearby items.
Your experience applies equally to all skills.


Message History

You kill the orc!
You now have 916 gold pieces (gained 817).
There is an open door, spattered with blood here.
You see here a +0 trident.
Things that are here:
a +0 dagger; a +2 robe of willpower; an orc skeleton You start resting.
Magic restored.
You start resting.
An orc comes into view. It is wielding a +0 trident.
The orc shouts!
The orc misses you.
An orc knight comes into view. It is wielding a +0 battleaxe.
The orc knight shouts!
Items here: ))) [ ††.
You pummel the orc!! You freeze the orc.
You kill the orc!
Okawaru accepts your kill.
You punch the orc knight! You freeze the orc knight.
The orc knight is lightly wounded.
The orc knight closely misses you.
You pummel the orc knight!! You freeze the orc knight!
The orc knight is severely wounded.
The orc knight misses you.
You hit the orc knight but do no damage.
The orc knight is severely wounded.
The orc knight hits you with a +0 battleaxe!!
You barely miss the orc knight.
The orc knight is severely wounded.
The orc knight barely misses you.
You barely miss the orc knight.
The orc knight is severely wounded.
You barely miss the orc knight.
The orc knight is severely wounded.
The orc knight hits you with a +0 battleaxe!!
* * * LOW HITPOINT WARNING * * *
You punch the orc knight! You freeze the orc knight.
The orc knight is severely wounded.
The orc knight hits you with a +0 battleaxe!!
You die...

♣ ♣.############ ∆∆ ∆ ♣
♣♣.#___#___#__#$$∩# ∆ ∆ ♣
♣..#...#__)#._#$$. ∆
♣♣♣♣..###'#'###'##$$. ∆
.♣....#..........#$$ ∆∆
~..♣..'.⌠.....)..#.$ ∆∆∆∆∆
~~~♣..#...######)#.#∆ ∆∆
~~....#.⌠.#__#.))#'#############
~.....#...#__#..Y#..~§~'.#.'...+
......#'###__#..o#)#§~~#.#.#.†.#
......#.).#__#).)).#§§.#.#.#(..#
......#___#__')..#.#..§#...#)).#
▓▓▓▓▓▓▓▓▓▓▓▓▓▓▓▓▓▓▓▓▓▓▓▓▓▓▓▓▓▓▓#


You could see an orc knight.

Vanquished Creatures
  Josephine (D)
  A centaur warrior (D)
  An orc high priest (D)
  A deep elf pyromancer (D)
  2 orc sorcerers (D)
  A shadow (D)
  A spatial vortex (D)
  2 orc warriors (D)
  2 centaurs (D)
  An earth elemental (D)
  A water elemental (D)
  A necrophage (D)
  A jelly (D)
  A wizard (D)
  Jessica (D)
  A necromancer (D)
  2 orc wizards (D)
  3 humans (D)
  A kobold demonologist (D)
  A wolf (D)
  7 orcs (D)
  A bat (D)
  2 endoplasms (D)
  A rat (D)
37 creatures vanquished.

Notes
Turn   | Place    | Note
-------+----------+-------------------------------------------
     0 | D        | hellse the Gnoll Transmuter began the quest for the Orb.
     0 | D        | Reached XP level 1. HP: 17/17 MP: 6/6
    11 | D        | Reached skill level 5 in Spellcasting
    18 | D        | Noticed Jessica
    21 | D        | Killed Jessica
    22 | D        | Reached skill level 1 in Short Blades
    22 | D        | Reached skill level 1 in Long Blades
    22 | D        | Reached skill level 1 in Axes
    22 | D        | Reached skill level 1 in Maces & Flails
    22 | D        | Reached skill level 1 in Polearms
    22 | D        | Reached skill level 1 in Staves
    22 | D        | Reached skill level 1 in Ranged Weapons
    22 | D        | Reached skill level 1 in Throwing
    22 | D        | Reached skill level 1 in Armour
    22 | D        | Reached skill level 5 in Dodging
    22 | D        | Reached skill level 1 in Stealth
    22 | D        | Reached skill level 1 in Shields
    22 | D        | Reached skill level 1 in Conjurations
    22 | D        | Reached skill level 1 in Hexes
    22 | D        | Reached skill level 1 in Summonings
    22 | D        | Reached skill level 1 in Necromancy
    22 | D        | Reached skill level 1 in Translocations
    22 | D        | Reached skill level 1 in Fire Magic
    22 | D        | Reached skill level 1 in Ice Magic
    22 | D        | Reached skill level 1 in Air Magic
    22 | D        | Reached skill level 1 in Earth Magic
    22 | D        | Reached skill level 1 in Poison Magic
    22 | D        | Reached skill level 1 in Evocations
    22 | D        | Reached XP level 2. HP: 22/24 MP: 6/8
    22 | D        | Reached XP level 3. HP: 26/29 MP: 6/9
    30 | D        | Learned a level 3 spell: Spider Form
    72 | D        | Reached skill level 7 in Unarmed Combat
    72 | D        | Reached XP level 4. HP: 32/36 MP: 5/11
   103 | D        | Learned a level 4 spell: Ice Form
   114 | D        | Noticed a water elemental
   119 | D        | Killed a water elemental
   120 | D        | Reached XP level 5. HP: 42/42 MP: 7/13
   123 | D        | Found a hide-covered altar of Uskayaw.
   123 | D        | Found an iron altar of Okawaru.
   123 | D        | Found a bloodstained altar of Trog.
   123 | D        | Found an ornate altar of the Wu Jian Council.
   123 | D        | Noticed a human
   123 | D        | Noticed a human
   128 | D        | Killed a human
   129 | D        | Reached skill level 5 in Fighting
   129 | D        | Reached skill level 8 in Unarmed Combat
   129 | D        | Reached skill level 5 in Transmutations
   129 | D        | Reached XP level 6. HP: 45/51 MP: 8/15
   131 | D        | Killed a human
   132 | D        | Reached skill level 5 in Short Blades
   132 | D        | Reached skill level 5 in Long Blades
   132 | D        | Reached skill level 5 in Axes
   132 | D        | Reached skill level 5 in Maces & Flails
   132 | D        | Reached skill level 5 in Polearms
   132 | D        | Reached skill level 5 in Staves
   132 | D        | Reached skill level 5 in Ranged Weapons
   132 | D        | Reached skill level 5 in Throwing
   132 | D        | Reached skill level 5 in Armour
   132 | D        | Reached skill level 5 in Stealth
   132 | D        | Reached skill level 5 in Shields
   132 | D        | Reached skill level 5 in Invocations
   132 | D        | Reached skill level 5 in Evocations
   137 | D        | Became a worshipper of Warmaster Okawaru
   179 | D        | Found a basalt altar of Yredelemnul.
   179 | D        | Found a shadowy altar of Dithmenos.
   179 | D        | Found a sacrificial altar of Ru.
   185 | D        | Reached XP level 7. HP: 57/57 MP: 12/17
   207 | D        | Found a radiant altar of Vehumet.
   208 | D        | Found a shimmering blue altar of Sif Muna.
   208 | D        | Found an ancient bone altar of Kikubaaqudgha.
   224 | D        | Found a glowing silver altar of Zin.
   224 | D        | Found a glowing golden altar of the Shining One.
   224 | D        | Found a white marble altar of Elyvilon.
   224 | D        | Noticed a deep elf pyromancer
   231 | D        | Noticed a fire elemental
   231 | D        | Noticed a fire elemental
   235 | D        | Killed a deep elf pyromancer
   235 | D        | Reached * piety under Okawaru
   236 | D        | Reached skill level 9 in Unarmed Combat
   236 | D        | Reached skill level 5 in Conjurations
   236 | D        | Reached skill level 5 in Hexes
   236 | D        | Reached skill level 5 in Summonings
   236 | D        | Reached skill level 5 in Necromancy
   236 | D        | Reached skill level 5 in Translocations
   236 | D        | Reached skill level 5 in Fire Magic
   236 | D        | Reached skill level 5 in Ice Magic
   236 | D        | Reached skill level 5 in Air Magic
   236 | D        | Reached skill level 5 in Earth Magic
   236 | D        | Reached skill level 5 in Poison Magic
   236 | D        | Reached XP level 8. HP: 13/67 MP: 12/20
   415 | D        | Noticed a shadow
   420 | D        | Killed a shadow
   426 | D        | Found a blossoming altar of Fedhas.
   426 | D        | Found a stormy altar of Qazlal.
   427 | D        | Found a snail-covered altar of Cheibriados.
   427 | D        | Found a burning altar of Makhleb.
   427 | D        | Found a hazy altar of Hepliaklqana.
   427 | D        | Found a shimmering altar of Xom.
   427 | D        | Found an opulent altar of Gozag.
   427 | D        | Found a sparkling altar of Nemelex Xobeh.
   427 | D        | Found a corrupted altar of Lugonu.
   427 | D        | Found a viscous altar of Jiyva.
   436 | D        | Reached ** piety under Okawaru
   453 | D        | Noticed Josephine
   460 | D        | Killed Josephine
   461 | D        | Reached skill level 10 in Unarmed Combat
   461 | D        | Reached XP level 9. HP: 74/74 MP: 13/22
   512 | D        | Noticed a centaur warrior
   515 | D        | Reached *** piety under Okawaru
   522 | D        | Killed a centaur warrior
   522 | D        | Received a gift from Okawaru
   681 | D        | Found Nangeenk's Book Emporium.
   681 | D        | Noticed an orc high priest
   699 | D        | Noticed a sixfirhy
   703 | D        | Noticed a red devil
   703 | D        | Noticed a hellwing
   703 | D        | Killed an orc high priest
   704 | D        | Reached skill level 10 in Spellcasting
   704 | D        | Reached XP level 10. HP: 25/83 MP: 21/24
   921 | D        | Noticed an orc sorcerer
   926 | D        | Killed an orc sorcerer
   926 | D        | Reached **** piety under Okawaru
   926 | D        | Received a gift from Okawaru
   927 | D        | Reached skill level 10 in Dodging
   927 | D        | Reached skill level 11 in Unarmed Combat
   932 | D        | Noticed an orc sorcerer
   940 | D        | Killed an orc sorcerer
   941 | D        | Reached skill level 10 in Invocations
  1008 | D        | Noticed an orc knight
  1017 | D        | Mangled by an orc knight

Illustrated notes

Levels and vault maps discovered:
D:        dungeon_sprint_mu [sprint_mu_entry_forest, sprint_mu_temple_rooms,
          sprint_mu_d1_horrors, sprint_mu_d2_genie, sprint_mu_d3_branching,
          sprint_mu_orc_legion, sprint_mu_elf_gauntlet, sprint_mu_hive_nellie,
          sprint_mu_lair_fedhas, sprint_mu_vaults_butterflies,
          sprint_mu_slime_circle, sprint_mu_swamp_cave, sprint_mu_shoals_archi,
          sprint_mu_blade_basic, sprint_mu_crypt_fortress,
          sprint_mu_tomb_spiral, sprint_mu_vestibule_basic,
          sprint_mu_gehenna_hellfire, sprint_mu_dis_giant,
          sprint_mu_tartarus_statrot, sprint_mu_cocytus_islands, sprint_mu_zot1]

Skill      XL: |  1  2  3  4  5  6  7  8  9 10 |
---------------+-------------------------------+-----
Spellcasting   | 5 6 7 8 9 10 | 10.4
Fighting       | 3 4 5 7 8 9 |  9.5
Short Blades   | 1 2 3 4 5 6 7 8 9 |  9.1
Long Blades    | 1 2 3 4 5 6 7 8 9 |  9.1
Axes           | 1 2 3 4 5 6 7 8 9 |  9.1
Maces & Flails | 1 2 3 4 5 6 7 8 9 |  9.1
Polearms       | 1 2 3 4 5 6 7 8 9 |  9.1
Staves         | 1 2 3 4 5 6 7 8 9 |  9.1
Ranged Weapons | 1 2 3 4 5 6 7 8 9 |  9.1
Throwing       | 1 2 3 4 5 6 7 8 9 |  9.1
Armour         | 1 2 3 4 5 6 7 8 9 |  9.1
Dodging        | 5 6 7 8 9 10 | 10.2
Stealth        | 1 2 3 4 5 6 7 8 9 |  9.1
Shields        | 1 2 3 4 5 6 7 8 9 |  9.1
Conjurations   | 1 2 3 4 5 6 7 |  7.6
Hexes          | 1 2 3 4 5 6 7 |  7.6
Summonings     | 1 2 3 4 5 6 7 |  7.6
Necromancy     | 1 2 3 4 5 6 7 |  7.6
Translocations | 1 2 3 4 5 6 7 |  7.6
Transmutations | 4 5 6 7 8 |  8.6
Fire Magic     | 1 2 3 4 5 6 7 |  7.6
Ice Magic      | 1 2 3 4 5 6 7 |  7.6
Air Magic      | 1 2 3 4 5 6 7 |  7.6
Earth Magic    | 1 2 3 4 5 6 7 |  7.6
Poison Magic   | 1 2 3 4 5 6 7 |  7.6
Invocations    | 2 3 4 5 7 8 9 10 | 10.0
Evocations     | 1 2 3 4 5 6 7 8 9 |  9.1
Unarmed Combat | 7 8 9 10 11 | 11.2

Action                   |  1- 3 |  4- 6 |  7- 9 | 10-12 || total
-------------------------+-------+-------+-------+-------++-------
Melee: Unarmed           |    21 |    14 |    67 |    42 ||   144
       Kick              |     3 |       |       |       ||     3
       Headbutt          |     1 |       |       |       ||     1
       Bite              |     1 |       |       |       ||     1
 Cast: Beastly Appendage |     2 |       |       |       ||     2
       Spider Form       |     2 |       |       |       ||     2
       Ice Form          |       |     2 |     4 |     2 ||     8
 Stab: Sleeping          |     1 |     2 |     4 |       ||     7
       Distracted        |       |       |       |     1 ||     1
Armor: Skin              |     1 |     2 |    16 |     9 ||    28
       Robe              |       |       |     2 |       ||     2
Dodge: Dodged            |    16 |     6 |    28 |    13 ||    63

Table legend: (Time is in decaauts)
 A = Elapsed time spent in this place.
 B = Non-inter-level travel time spent in this place.
 C = Inter-level travel time spent in this place.
 D = Time resting spent in this place.
 E = Time spent auto-exploring this place.
 F = Levels seen in this place.
 G = Mean time per level.
                   A        B        C        D        E       F      G
               +--------+--------+--------+--------+--------+-----+--------+
         Total |    996 |    996 |      0 |    587 |      0 |   1 |  996.0 |
       Dungeon |    996 |    996 |      0 |    587 |      0 |   1 |  996.0 |
               +--------+--------+--------+--------+--------+-----+--------+

Top non-repeatable levels by time:
       D: 996 daAuts
